 Yiufcrawl Soup (a DCSS fork) version 1.4.2-100-g57000ad (webtiles) character file.

175 Amciq the Covered (level 5, 0/63 HPs)
             Began as a Lava Orc Fighter on Mar 9, 2017.
             Slain by a sky beast (6 damage)
             ... on level 4 of the Dungeon.
             The game lasted 00:12:22 (2480 turns).

Amciq the Covered (Lava Orc Fighter)                Turns: 2480, Time: 00:12:22

Health: 0/63       AC:  9    Str: 27    XL:     5   Next: 29%
Magic:  5/5        EV:  7    Int:  9    God:
Gold:   120        SH: 10    Dex: 10    Spells: 4/4 levels left

rFire    + + +     SeeInvis +   a - +0 war axe
rCold    x . .     Gourm    .   b - +0 scale mail
rNeg     . . .     Faith    .   c - +0 shield
rPois    +         Spirit   .   (no helmet)
rElec    .         Reflect  .   (no cloak)
rCorr    .         Harm     .   u - +1 pair of gloves {Str+3}
MR       .....                  (no boots)
Stlth    ..........             (no amulet)
Regen    0.2/turn               l - ring of poison resistance
MPRegen  0.1/turn               k - ring of see invisible

@: berserking, very quick
A: temperature effects, low MR
a: no special abilities


You were on level 4 of the Dungeon.
You were not hungry.

You visited 1 branch of the dungeon, and saw 4 of its levels.

You collected 120 gold pieces.

Inventory:

Hand Weapons
 a - a +0 war axe (weapon)
Armour
 b - a +0 scale mail (worn)
 c - a +0 shield (worn)
 u - a +1 pair of gloves of strength (worn)
Jewellery
 e - an uncursed ring of protection from cold
 k - a ring of see invisible (left hand)
 l - a ring of poison resistance (right hand)
 m - a cursed -2 ring of slaying {unknown}
 o - an uncursed ring of protection from fire
Wands
 p - a wand of digging (11/24)
 y - a wand of disintegration (9/24)
Scrolls
 i - 3 scrolls of teleportation
 r - a scroll of fog {unknown}
 s - a scroll of amnesia {unknown}
 t - a scroll of magic mapping
Potions
 d - a potion of might
 g - a potion of lignification {unknown}
 h - a potion of haste {unknown}
 j - a potion of heal wounds {unknown}
Comestibles
 f - 2 bread rations
 n - 6 chunks of flesh
 q - 4 fruits
 w - a royal jelly


   Skills:
 + Level 3.8 Fighting
 * Level 4.2 Axes
 * Level 5.1 Armour
 + Level 3.9 Shields


You had 4 spell levels left.
You didn't know any spells.

Dungeon Overview and Level Annotations

Branches:
Dungeon (4/15)
 Temple: D:4-7

Altars:
Elyvilon
Fedhas
Wu Jian


Message History

You slice the worm!!
You kill the worm!
The sky beast is burned by your radiant heat.
The sky beast is moderately wounded.
You block the sky beast's attack.
You barely miss the sky beast.
The sky beast is moderately wounded.
You block the sky beast's attack.
You slash the sky beast!
The sky beast is severely wounded.
The sky beast hits you but does no damage.
The sky beast appears unharmed.
You closely miss the sky beast.
The sky beast is severely wounded.
The sky beast is burned by your radiant heat.
The sky beast is almost dead.
The sky beast hits you.
* * * LOW HITPOINT WARNING * * *
The sky beast shocks you.
You die...

### #.. #.# # # #.##.#
#.###.##.# #..†.....##
#.Y@.....# #.##.###.#
# #.###.# #.....#
##+## #.######.###
##..<##
#..........###.....#
######.###.##.......
######...# #.#........
.........###.+........


You could see a sky beast.

Vanquished Creatures
  A hound (D:2)
  An orc wizard (D:4)
  Robin (D:3)
  2 adders
  An ooze (D:3)
  5 worms
  A dart slug (D:1)
  3 leopard geckos
  8 orcs
  A ball python (D:2)
  4 giant cockroaches
  17 goblins
  6 hobgoblins
  2 kobolds (D:2)
  2 bats
  5 frilled lizards
  3 rats
63 creatures vanquished.

Vanquished Creatures (others)
  A quokka (D:3)
1 creature vanquished.

Grand Total: 64 creatures vanquished

Notes
Turn   | Place    | Note
-------+----------+-------------------------------------------
     0 | D:1      | Amciq the Lava Orc Fighter began the quest for the Orb.
     0 | D:1      | Reached XP level 1. HP: 18/18 MP: 1/1
   368 | D:1      | Reached XP level 2. HP: 24/24 MP: 2/2
   542 | D:1      | Reached skill level 4 in Armour
   761 | D:2      | Reached XP level 3. HP: 23/29 MP: 3/3
  1374 | D:3      | Found an ornate altar of the Wu Jian Council.
  1383 | D:3      | Found a white marble altar of Elyvilon.
  1582 | D:2      | Reached XP level 4. HP: 25/35 MP: 4/4
  1732 | D:3      | Found a blossoming altar of Fedhas.
  1776 | D:3      | Noticed Robin
  1812 | D:3      | Killed Robin
  1812 | D:3      | Reached skill level 5 in Armour
  2324 | D:4      | Reached XP level 5. HP: 39/42 MP: 5/5
  2463 | D:4      | Noticed a sky beast
  2480 | D:4      | Slain by a sky beast

Skill      XL: |  1  2  3  4 |
---------------+-------------+-----
Armour         | 4 5 |  5.1
Axes           | 3 4 |  4.2
Fighting       | |  3.8
Shields        | |  3.9

Action                   |  1- 3 |  4- 6 || total
-------------------------+-------+-------++-------
Melee: War axe           |   114 |    74 ||   188
  Use: Scroll            |     5 |     1 ||     6
       Potion            |     1 |     1 ||     2
  Eat: Chunk             |     2 |     3 ||     5
Armor: Scale mail        |    43 |    36 ||    79
Dodge: Dodged            |    28 |    18 ||    46
Block: Shield            |    61 |    43 ||   104
